 Dungeon Crawl Stone Soup version 0.31.0-32-g396128a36d (webtiles) character file.

Game seed: 1144940344359932081

34358 tizbic2 the Carver (level 13, 0/104 HPs)
             Began as a Demonspawn Hunter on Mar 19, 2024.
             Was an Elder of Makhleb.
             Killed by divine providence
             ... invoked by a smoke demon
              (15 damage)
             ... on level 4 of the Abyss.
             The game lasted 01:05:39 (14666 turns).

tizbic2 the Carver (Demonspawn Hunter)             Turns: 14666, Time: 01:05:39

Health: 0/104      AC: 21    Str: 14    XL:     13   Next: 41%
Magic:  19/19      EV:  6    Int:  9    God:    Makhleb [****..]
Gold:   406        SH:  5    Dex: 28    Spells: 12/12 levels left

rFire   . . .        a - +7 Throatcutter {drain, coup de grace}
rCold   + . .        (no shield)
rNeg    . . .        f - +1 plate armour
rPois   .            R - +1 helmet
rElec   .            T - scarf "Hegischa" {+Inv, rC+ Dex+8}
rCorr   .            (gloves unavailable)
SInv    .            I - +2 pair of boots
Will    +....        q - amulet of reflection Stlth
                     d - +4 ring of slaying
HPRegen 0.37/turn    U - ring of willpower
MPRegen 0.16/turn

%: reflection
@: no status effects
A: demonic magic 3, demonic touch 3
a: Renounce Religion, Evoke Invisibility, Minor Destruction, Lesser Servant of
Makhleb, Major Destruction


You were on level 4 of the Abyss.
You worshipped Makhleb.
Makhleb was greatly pleased with you.
You visited 3 branches of the dungeon, and saw 17 of its levels.
You visited the Abyss 1 time.

You collected 950 gold pieces.
You spent 544 gold pieces at shops.

Inventory:

Hand Weapons
 a - the +7 Throatcutter (weapon) {drain, coup de grace}
   (You took it off a kobold on level 2 of the Dungeon)
 w - a +1 arbalest of electrocution
Missiles
 c - 18 boomerangs
 v - 2 javelins (quivered)
 z - 39 poisoned darts
 E - 4 atropa-tipped darts
 W - 2 silver javelins
Armour
 f - a +1 plate armour (worn)
 C - a +0 pair of gloves
 I - a +2 pair of boots (worn)
 L - the +1 buckler of Qeetitis {Will- Int+4 Dex+3}
   (You found it on level 12 of the Dungeon)

   Int+4:     It affects your intelligence (+4).
   Dex+3:     It affects your dexterity (+3).
   Will-:     It decreases your willpower.
 R - a +1 helmet (worn)
 T - the scarf "Hegischa" (worn) {+Inv, rC+ Dex+8}
   (You found it on level 10 of the Dungeon)

   Dex+8:     It affects your dexterity (+8).
   rC+:       It protects you from cold.
Jewellery
 d - a +4 ring of slaying (left hand)
 k - a ring of magical power
 o - a ring of ice
 q - an amulet of reflection (around neck)
 y - a ring of fire
 D - an amulet of guardian spirit
 M - a ring of flight
 U - a ring of willpower (right hand)
 V - a ring of ice
Talismans
 m - a serpent talisman
Wands
 B - a wand of polymorph (26)
 Q - a wand of light (15)
 S - a wand of roots (8)
Scrolls
 b - a scroll of butterflies
 e - 4 scrolls of fear
 s - 4 scrolls of immolation
 t - 2 scrolls of blinking {unknown}
 x - a scroll of poison
 G - 5 scrolls of teleportation
 H - 3 scrolls of vulnerability
 J - 4 scrolls of revelation
 K - a scroll of amnesia
Potions
 g - a potion of might {unknown}
 h - 3 potions of berserk rage {unknown}
 i - 6 potions of invisibility
 j - 2 potions of heal wounds
 l - a potion of attraction
 n - 6 potions of haste {unknown}
 p - 2 potions of lignification
 r - a potion of ambrosia {unknown}
 u - 2 potions of mutation
 F - 2 potions of enlightenment
 N - 3 potions of curing {unknown}
 O - 2 potions of magic {unknown}
 P - 2 potions of brilliance


   Skills:
 + Level 10.4 Fighting
 * Level 13.0 Long Blades
 + Level 10.2 Ranged Weapons
 + Level 9.3 Armour
 - Level 1.8 Dodging
 - Level 0.8 Stealth
 + Level 8.1 Invocations


You had 12 spell levels left.
You didn't know any spells.
Your spell library contained the following spells:

 Spells                   Type           Power      Damage    Failure   Level
 Sandblast                Erth           0%         2d4       100%        1
 Call Imp                 Summ           0%         N/A       100%        2
 Sublimation of Blood     Necr           0%         N/A       100%        2
 Dazzling Flash           Conj/Hex       0%         N/A       100%        3
 Mephitic Cloud           Conj/Alch/Air  0%         N/A       100%        3
 Passwall                 Erth           0%         N/A       100%        3
 Stone Arrow              Conj/Erth      0%         3d7       100%        3
 Tukima's Dance           Hex            0%         N/A       100%        3
 Brom's Barrelling Bould  Conj/Erth      0%         2d3       100%        4
 Dimensional Bullseye     Hex/Tloc       0%         N/A       100%        4
 Iskenderun's Mystic Bla  Conj/Tloc      0%         2d3       100%        4
 Alistair's Intoxication  Alch           0%         N/A       100%        5
 Borgnjor's Vile Clutch   Necr/Erth      0%         N/A       100%        5
 Curse of Agony           Necr           0%         N/A       100%        5
 Silence                  Hex/Air        0%         N/A       100%        5
 Summon Forest            Summ/Tloc      0%         N/A       100%        5
 Eringya's Noxious Bog    Alch           0%         4d6       100%        6
 Summon Hydra             Summ           0%         N/A       100%        7


Dungeon Overview and Level Annotations

Branches:
Dungeon (13/15)            Temple (1/1) D:7            Lair (3/5) D:11
 Shoals (0/4) Lair:2       Spider (0/4) Lair:3          Orc (0/2) D:12
 Vaults (0/5) D:13

Altars:
Ashenzari
Cheibriados
Dithmenos
Fedhas
Gozag
Hepliaklqana
Kikubaaqudgha
Makhleb
Nemelex Xobeh
Okawaru
Qazlal
Ru
Sif Muna
Trog
Uskayaw
Vehumet
Wu Jian
Xom
Yredelemnul

Shops:
D:4 *   D:5 :   D:8 ([*

Annotations:
Lair:3 Sonja


Innate Abilities, Weirdness & Mutations

Spells you cast and wands you use may paralyse nearby enemies.
Your touch may irresistibly damage your foes and sap their willpower.


Message History

A worldbinder comes into view. x2; A small abomination comes into view.
Your Long Blades skill increases to level 13!
You feel much better. The water nymph touches you. The water nymph drowns you!
Splash!
You fall into the shallow water.
Moving in this stuff is going to be slow.
The smoke demon hits you.
The smoke demon hits you but does no damage.
The smoke demon barely misses you.
The worldbinder calls forth creatures from the Crypt!
The smoke demon gestures at you. Something smites you!
* * * LOW HITPOINT WARNING * * *
The rakshasa weaves an illusion.
The satyr shimmers and seems to become two!
Found a runelight.
The worldbinder hits you but does no damage.
The worldbinder hits you.
* * * LOW HITPOINT WARNING * * *
Something hits your orange demon!
The freezing wraith hits you but does no damage. x2
You slash the freezing wraith!
The freezing wraith is lightly damaged.
You block the worldbinder's attack.
The worldbinder hits you but does no damage.
The smoke demon barely misses you.
The smoke demon hits you but does no damage. x2
You hit the freezing wraith but do no damage.
The freezing wraith is lightly damaged.
The worldbinder hits you.
* * * LOW HITPOINT WARNING * * *
The worldbinder hits you.
* * * LOW HITPOINT WARNING * * *
The freezing wraith hits you but does no damage. x2
The smoke demon hits you but does no damage.
The smoke demon barely misses you. The smoke demon hits you.
* * * LOW HITPOINT WARNING * * *
The smoke demon gestures at you. Something smites you!
You die...

...... ..
....... .
........~. # #.
......~.. #.##⌠
..⌠.##.. #....
~.~..###
♣~≈♣♣♣xm≈....##
♣Wx3♣~~♣.#...
♣z.♣@♣~m~~.....#
♣ ♣♣W♣♣c♣≈..##..
.♣♣...♣~c♣ ⌠.. .
≈ ⌠⌠.⌠3)≈♣ ...
.♣##+##≈R♣♣ .# .
≈ #4♣≈..## .#.~
#.♣~...# ..~.
##.♣.# # . ♣ #~
.#


You could see 2 freezing wraiths, a water nymph, 2 worldbinders, 2 smoke demons
and a friendly orange demon (summoned).

Vanquished Creatures
  A deep elf sorcerer (Abyss:4)
  A dire elephant (Abyss:4)
  A rakshasa (Abyss:4)
  A boulder beetle (D:13)
  3 catoblepae
  4 two-headed ogres
  3 skeletal warriors
  Pikel (D:8)
  A cyclops (Lair:2)
  5 manticores
  An ugly thing (D:11)
  3 worldbinders (Abyss:4)
  A meliai (Lair:3)
  7 cane toads
  A black mamba (Lair:1)
  An unseen horror (D:11)
  Jeremiah (D:8)
  2 rime drakes
  5 komodo dragons
  2 polar bears
  9 trolls
  A hornet (D:10)
  3 blink frogs (Lair:1)
  A water elemental (Abyss:4)
  41 yaks
  6 wyverns
  A wraith (D:10)
  Grum (D:8)
  A steam dragon (D:7)
  2 basilisks (Lair:1)
  5 vampire mosquitoes
  7 water moccasins
  2 orc warriors
  2 black bears
  7 ice beasts
  2 laughing skulls (D:12)
  5 wolves
  3 ogres
  A lemure (D:8)
  5 centaurs
  8 bullfrogs
  3 kobold brigands
  A scorpion (D:6)
  A gnoll sergeant (D:9)
  7 wights
  4 killer bees (Lair:3)
  2 howler monkeys
  3 jellies
  8 orc priests
  A bombardier beetle (D:6)
  2 hounds
  6 iguanas
  12 orc wizards
  13 gnolls
  8 adders
  4 ufetubi (D:6)
  3 dart slugs
  26 orcs
  5 bats
  7 endoplasms
  6 giant cockroaches
  2 hobgoblins
  2 jackals (D:1)
  4 quokkas
  3 ball pythons
  2 frilled lizards
  8 goblins
  18 kobolds
  6 rats
325 creatures vanquished.

Notes
Turn   | Place    | Note
-------+----------+-------------------------------------------
     0 | D:1      | tizbic2 the Demonspawn Hunter began the quest for the Orb.
     0 | D:1      | Reached XP level 1. HP: 16/16 MP: 1/1
   279 | D:1      | Gained mutation: Spells you cast may paralyse adjacent
                  | enemies. [demonic ancestry]
   279 | D:1      | Reached XP level 2. HP: 22/22 MP: 2/2
   991 | D:2      | Reached XP level 3. HP: 28/28 MP: 3/3
  1015 | D:2      | Reached skill level 1 in Armour
  1176 | D:2      | Found a faded altar of an unknown god.
  1684 | D:3      | Reached XP level 4. HP: 34/34 MP: 4/4
  1717 | D:3      | Reached skill level 1 in Long Blades
  1804 | D:3      | Found a faded altar of an unknown god.
  1812 | D:3      | Found a basalt altar of Yredelemnul.
  1901 | D:3      | Reached skill level 2 in Long Blades
  1901 | D:3      | Reached XP level 5. HP: 13/41 MP: 5/5
  2489 | D:4      | Found Sasut's Assorted Antiques.
  2492 | D:4      | Bought a fuming coppery potion for 21 gold pieces
  2492 | D:4      | Bought 2 scrolls labelled ZAACWE SIWATOI for 48 gold pieces
  2492 | D:4      | Bought a scroll labelled UHIPAA IKKIPHI for 24 gold pieces
  2492 | D:4      | Bought a scroll labelled GAPLAI JYTS for 24 gold pieces
  3094 | D:4      | Reached XP level 6. HP: 46/47 MP: 6/6
  3343 | D:5      | Entered Level 5 of the Dungeon
  3404 | D:5      | Found Kerchepp's Book Boutique.
  3600 | D:5      | Found a shimmering blue altar of Sif Muna.
  3640 | D:5      | Reached skill level 3 in Long Blades
  4055 | D:6      | Gained mutation: Spells you cast may paralyse nearby
                  | enemies. [demonic ancestry]
  4055 | D:6      | Reached XP level 7. HP: 53/53 MP: 7/7
  4113 | D:6      | Found a sparkling altar of Nemelex Xobeh.
  4141 | D:6      | Reached skill level 4 in Long Blades
  4163 | D:6      | Noticed a wyvern
  4169 | D:6      | Killed a wyvern
  4170 | D:6      | Reached skill level 5 in Ranged Weapons
  4197 | D:6      | Reached XP level 8. HP: 25/61 MP: 8/8
  4386 | D:6      | Reached skill level 5 in Long Blades
  4485 | D:6      | Noticed a two-headed ogre
  4495 | D:6      | Killed a two-headed ogre
  4496 | D:6      | Reached skill level 5 in Fighting
  4496 | D:6      | Reached skill level 6 in Long Blades
  4643 | D:6      | Found a shimmering altar of Xom.
  4643 | D:6      | Found a shimmering altar of Xom.
  4644 | D:6      | Found a shimmering altar of Xom.
  4652 | D:6      | Found a shimmering altar of Xom.
  4652 | D:6      | Found a shimmering altar of Xom.
  5259 | D:4      | Bought a red potion for 21 gold pieces
  5259 | D:4      | Bought a green potion for 21 gold pieces
  5382 | D:7      | Gained mutation: Your touch may inflict minor irresistible
                  | damage on your foes. [demonic ancestry]
  5382 | D:7      | Reached XP level 9. HP: 58/66 MP: 9/9
  5639 | D:7      | Found a snail-covered altar of Cheibriados.
  5640 | D:7      | Found an ornate altar of the Wu Jian Council.
  5661 | D:7      | Found a staircase to the Ecumenical Temple.
  5671 | Temple   | Entered the Ecumenical Temple
  5688 | Temple   | Became a worshipper of Makhleb the Destroyer
  5735 | D:7      | Reached skill level 7 in Long Blades
  5735 | D:7      | Reached skill level 5 in Armour
  5872 | D:7      | You fall into a shaft and drop 1 floor!
  5877 | D:8      | Noticed Pikel
  5886 | D:8      | Killed Pikel
  5984 | D:8      | Noticed Grum
  5993 | D:8      | Killed Grum
  5994 | D:8      | Reached skill level 8 in Long Blades
  6070 | D:8      | Reached * piety under Makhleb
  6100 | D:8      | Found Jogie's Armour Shoppe.
  6100 | D:8      | Noticed an animated pearl dragon scales
  6100 | D:8      | Noticed an animated shadow dragon scales
  6108 | D:8      | Bought a +1 helmet for 138 gold pieces
  6129 | D:8      | Noticed Jeremiah
  6149 | D:8      | Killed Jeremiah
  6150 | D:8      | Gained mutation: Your touch may inflict irresistible damage
                  | on your foes. [demonic ancestry]
  6150 | D:8      | Reached XP level 10. HP: 49/77 MP: 10/10
  6264 | D:8      | Found Astitz's General Store.
  6272 | D:8      | Bought a scroll of identify for 30 gold pieces
  6281 | D:8      | Found Perokh's Antique Weapon Emporium.
  6940 | D:9      | Noticed a two-headed ogre
  6944 | D:9      | Killed a two-headed ogre
  7215 | D:9      | Reached skill level 9 in Long Blades
  7864 | D:10     | Entered Level 10 of the Dungeon
  7864 | D:10     | Found an ancient bone altar of Kikubaaqudgha.
  8107 | D:10     | Reached ** piety under Makhleb
  8349 | D:10     | Identified the scarf "Hegischa" {+Inv, rC+ Dex+8}
  8444 | D:10     | Gained mutation: Spells you cast and wands you use may
                  | paralyse nearby enemies. [demonic ancestry]
  8444 | D:10     | Reached XP level 11. HP: 85/86 MP: 11/11
  8628 | D:10     | Noticed a two-headed ogre
  8639 | D:10     | Killed a two-headed ogre
  8733 | D:11     | Reached skill level 10 in Long Blades
  8800 | D:11     | Noticed a purple ugly thing
  8807 | D:11     | Killed a purple ugly thing
  8880 | D:11     | Reached skill level 1 in Invocations
  8965 | D:11     | Found a staircase to the Lair.
  8982 | D:11     | Noticed a two-headed ogre
  8991 | D:11     | Killed a two-headed ogre
  9382 | D:8      | Bought a glowing arbalest for 217 gold pieces
  9699 | D:12     | Found a staircase to the Orcish Mines.
  9703 | D:12     | Noticed a skeletal warrior
  9703 | D:12     | Noticed a skeletal warrior
  9703 | D:12     | Noticed a skeletal warrior
  9722 | D:11     | Killed a skeletal warrior
  9877 | D:12     | Reached *** piety under Makhleb
 10327 | D:12     | Reached skill level 11 in Long Blades
 10406 | D:12     | Identified the +1 buckler of Qeetitis {Will- Int+4 Dex+3}
 10624 | D:12     | Killed a skeletal warrior
 10633 | D:12     | Killed a skeletal warrior
 11101 | D:13     | Noticed a yaktaur captain
 11101 | D:13     | Found a gate to the Vaults.
 11104 | D:13     | HP: 4/89 [yaktaur/bolt (11)]
 11636 | D:13     | Reached XP level 12. HP: 78/95 MP: 15/15
 11812 | D:13     | Noticed a catoblepas
 11820 | D:13     | Killed a catoblepas
 11911 | D:13     | Noticed a boulder beetle
 11917 | D:13     | Killed a boulder beetle
 11918 | D:13     | Reached skill level 5 in Invocations
 12363 | Lair:1   | Entered Level 1 of the Lair of Beasts
 12745 | Lair:1   | Reached skill level 12 in Long Blades
 13422 | Lair:2   | Reached **** piety under Makhleb
 13496 | Lair:2   | Reached skill level 10 in Fighting
 13635 | Lair:2   | Found a staircase to the Shoals.
 13699 | Lair:2   | Gained mutation: Your touch may irresistibly damage your
                  | foes and sap their willpower. [demonic ancestry]
 13699 | Lair:2   | Reached XP level 13. HP: 103/103 MP: 18/18
 14317 | Lair:3   | Reached skill level 10 in Ranged Weapons
 14384 | Lair:3   | Found a hole to the Spider Nest.
 14463 | Lair:3   | Noticed Sonja
 14472 | Abyss:2  | Cast into level 2 of the Abyss (Sonja)
 14638 | Abyss:4  | Noticed a dire elephant
 14649 | Abyss:4  | Killed a dire elephant
 14653 | Abyss:4  | Noticed a deep elf sorcerer
 14661 | Abyss:4  | Killed a deep elf sorcerer
 14662 | Abyss:4  | Reached skill level 13 in Long Blades
 14666 | Abyss:4  | Killed from afar by a smoke demon

Illustrated notes

Levels and vault maps discovered:
D:1:      wander_arrival_peaceful_grave, layout_loops_corners,
          hangedman_decor_peaks_small, corexii_item_surrounded_by_moat
D:2:      layout_basic, hellmonk_ecumenical_altar_blasted, serial_bayou_pond_e
D:3:      layout_loops_cross, nicolae_overflow_ecumenical_swirl,
          grunt_ministairs_9
D:4:      layout_basic, serial_shops, kennysheep_mini
D:5:      layout_loops_cross, lemuel_round_altar, serial_shops, shop
D:6:      layout_cave_pods, xom_redecorated, old_standard_altar,
          serial_bayou_ford_a
D:7:      layout_basic, gammafunk_temple_overflow_claw,
          minmay_temple_entry_glass, nzn_ghost_randoct
D:8:      hellmonk_ruined_rings, layout_rooms, serial_shops, shop_fountains,
          shop, nicolae_shop_mannequins, uniq_pikel, uniq_jeremiah, uniq_grum
D:9:      layout_loops_corners, serial_glass, glass_columns_a, glass_columns_a,
          glass_columns_b, glass_columns_a, minmay_strange_pillars,
          unseen_surprise_small, hangedman_abyss_or_decor_stagger
D:10:     layout_loops_ring, mainiacjoe_overflow_chevrons
D:11:     layout_long_grid, hellmonk_lair_entry_icy
D:12:     layout_gridville, orc_0_dummy, hangedman_decor_slide_cut
D:13:     layout_loops_corners, david_vaults_2
Temple:   zaba_magenta_temple
Lair:1:   layout_gridlike, lemuel_fruit_fields, grunt_megastairs_1,
          infiniplex_staircase_pool_2
Lair:2:   layout_gridlike, mainiacjoe_shoals_entry_four_pools, minivault_24
Lair:3:   nzn_motion_control, layout_small_grid,
          hellmonk_spider_entry_not_the_bees, lightli_volcano_entry_magma_tube,
          lemuel_fruit_fields, infiniplex_staircase_pool, uniq_sonja
Abyss:4:  base: D:6, grunt_abyss_rune_forest_and_sorcery

Skill      XL: |  1  2  3  4  5  6  7  8  9 10 11 12 13 |
---------------+----------------------------------------+-----
Ranged Weapons | 4 5 6 7 8 9 10 | 10.2
Armour         | 1 2 3 4 5 6 7 8 9 |  9.3
Long Blades    | 2 3 4 6 8 9 11 12 13 | 13.0
Fighting       | 3 4 5 6 7 9 10 | 10.4
Invocations    | 4 7 8 |  8.1
Dodging        | |  1.8
Stealth        | |  0.8

Action                     |  1- 3 |  4- 6 |  7- 9 | 10-12 | 13-15 || total
---------------------------+-------+-------+-------+-------+-------++-------
  Melee: Long sword        |    19 |    60 |   122 |   338 |    82 ||   621
         Punch             |       |       |     1 |     4 |     3 ||     8
         Touch             |       |       |    11 |    58 |    19 ||    88
   Fire: Shortbow          |    57 |    31 |     5 |       |       ||    93
         Orcbow            |       |       |    30 |    48 |       ||    78
         Arbalest          |       |       |       |    41 |    12 ||    53
  Throw: Javelin           |       |       |     4 |       |       ||     4
 Invoke: Minor Destruction |       |       |       |    15 |    10 ||    25
         Lesser Servant of |       |       |       |     1 |     1 ||     2
    Use: Scroll            |       |    11 |     4 |     8 |     1 ||    24
         Potion            |       |       |       |     1 |     2 ||     3
 Armour: Plate armour      |    74 |    72 |   140 |   388 |   147 ||   821
  Dodge: Dodged            |     5 |    20 |    40 |    72 |    33 ||   170
  Block: Other             |       |       |       |    69 |    30 ||    99
         Reflection        |       |       |       |     4 |     4 ||     8
         Form:             |       |     1 |       |       |       ||     1
         Serpent           |       |     1 |       |       |       ||     1
